 Dungeon Crawl Stone Soup version 0.20.0-1-g1cb1d84 (webtiles) character file.

6951 skittles the Arsonist (level 10, 0/77 HPs)
             Began as a Green Draconian Fire Elementalist on May 26, 2017.
             Was a Priest of Vehumet.
             Slain by an orc warrior
             ... wielding a +0 short sword
              (11 damage)
             ... on level 9 of the Dungeon.
             The game lasted 00:38:55 (14026 turns).

skittles the Arsonist (DrFE)                       Turns: 14026, Time: 00:38:56

Health: 0/77       AC: 10    Str: 10    XL:     10   Next: 80%
Magic:  1/16       EV: 15    Int: 25    God:    Vehumet [***...]
Gold:   283        SH:  0    Dex: 15    Spells: 4/17 levels left

rFire    . . .     SeeInvis .   O - +4 arc blade {discharge, rElec}
rCold    . . .     Gourm    .   (no shield)
rNeg     . . .     Faith    .   (armour unavailable)
rPois    +         Spirit   .   D - +0 hat
rElec    +         Reflect  .   v - +0 cloak
rCorr    .         Harm     .   (no gloves)
MR       .....                  u - +1 pair of boots
Stlth    ++........             (no amulet)
Regen    0.3/turn               R - +4 ring of dexterity
MPRegen  0.2/turn               s - +3 ring of evasion

@: brilliant, very slightly contaminated
A: breathe noxious fumes, unfitting armour, poison resistance, cold-blooded, AC
+7
a: Breathe Noxious Fumes, Renounce Religion


You were on level 9 of the Dungeon.
You worshipped Vehumet.
Vehumet was most pleased with you.
You were very hungry.

You visited 2 branches of the dungeon, and saw 11 of its levels.
You also visited: Ossuary.

You collected 451 gold pieces.
You spent 168 gold pieces at shops.

Inventory:

Hand Weapons
 t - a +3 short sword of electrocution
 I - a +1 scythe of venom
 O - the +4 arc blade (weapon) {discharge, rElec}
   (You found it on level 8 of the Dungeon)

   It insulates you from electricity.
Armour
 u - a +1 pair of boots (worn)
 v - a +0 cloak (worn)
 D - a +0 hat (worn)
Jewellery
 e - an uncursed ring of stealth
 s - a +3 ring of evasion (right hand)
 C - an uncursed ring of positive energy
 R - a +4 ring of dexterity (left hand)
Wands
 g - a wand of iceblast (9/15)
 o - a wand of random effects (17/48)
 G - a wand of acid (4/15)
 H - a wand of polymorph (9/24)
 N - a wand of confusion (7/48)
 P - a wand of random effects (36/48)
 Q - a wand of confusion (29/48)
Scrolls
 d - 4 scrolls of enchant weapon
 k - 6 scrolls of blinking
 m - 4 scrolls of fog {unknown}
 p - 6 scrolls of teleportation
 y - 3 scrolls of amnesia {unknown}
 z - 6 scrolls of remove curse
 A - 2 scrolls of immolation {unknown}
 E - 4 scrolls of enchant armour {unknown}
 F - a scroll of silence {unknown}
 J - a scroll of random uselessness {unknown}
 K - a scroll of recharging {unknown}
 M - a scroll of holy word {unknown}
 T - 3 scrolls of identify
 W - a scroll of magic mapping
 X - a scroll of brand weapon {unknown}
Potions
 c - 4 potions of agility
 h - 2 potions of invisibility
 i - 4 potions of lignification
 j - 5 potions of might
 l - 4 potions of flight
 n - 5 potions of berserk rage
 r - 2 potions of cancellation
 w - 6 potions of curing
 x - 3 potions of haste
 B - a potion of ambrosia
 L - a potion of brilliance
 S - a potion of mutation {unknown}
Books
 a - a book of Flames

   Spells                             Type                      Level
   a - Flame Tongue                   Conjuration/Fire             1
   b - Throw Flame                    Conjuration/Fire             2
   c - Conjure Flame                  Conjuration/Fire             3
   d - Inner Flame                    Hexes/Fire                   3
   e - Sticky Flame                   Conjuration/Fire             4
   f - Fireball                       Conjuration/Fire             5
Miscellaneous
 Y - a phial of floods
Comestibles
 b - 10 bread rations
 f - 2 royal jellies
 q - 3 meat rations
 U - 3 fruits
 V - a chunk of flesh


   Skills:
 - Level 3.1 Fighting
 - Level 4.3 Short Blades
 - Level 3.4 Polearms
 - Level 1.7 Dodging
 - Level 1.7 Stealth
 - Level 1.1 Unarmed Combat
 + Level 4.4 Spellcasting
 + Level 10.0 Conjurations
 + Level 10.9 Fire Magic


You had 4 spell levels left.
You knew the following spells:

 Your Spells              Type           Power        Failure   Level  Hunger
a - Flame Tongue          Conj/Fire      #####        1%          1    None
b - Conjure Flame         Conj/Fire      ######..     1%          3    ##.....
c - Sticky Flame          Conj/Fire      ######..     1%          4    ####...
d - Fireball              Conj/Fire      ######....   1%          5    #####..


Dungeon Overview and Level Annotations

Branches:
Dungeon (10/15)            Temple (1/1) D:7             Orc (0/2) D:10
   Lair: D:8-11

Altars:
Ashenzari
Cheibriados
Elyvilon
Fedhas
Gozag
Hepliaklqana
Kikubaaqudgha
Makhleb
Nemelex Xobeh
Okawaru
Qazlal
Ru
Uskayaw
Vehumet
Yredelemnul
Zin

Shops:
D:4 (   D:7 *   D:9 :


Innate Abilities, Weirdness & Mutations

You can breathe blasts of noxious fumes.
Your lurid green scales are hard. (AC +7)
You cannot fit into any form of body armour.
Your system is resistant to poisons. (rPois)
You are cold-blooded and may be slowed by cold attacks.


Message History

You kill the orc priest!
Vehumet accepts your kill.
Casting: Sticky Flame
Confirm with . or Enter, or press ? or * to list all spells.
Aiming: Sticky Flame
Press: ? - help, Shift-Dir - straight line, f - orc warrior
Aim: an orc warrior, wielding a short sword and wearing a chain mail The sticky flame hits the orc warrior.
The orc warrior is lightly wounded.
The orc warrior is covered in liquid flames!
You are feeling very hungry.
The orc warrior burns!
The orc hits you but does no damage.
The orc warrior hits you with a short sword!
* * * LOW HITPOINT WARNING * * *
The orc warrior burns!
It was a potion of brilliance.
You feel clever all of a sudden.
The orc warrior burns!
The orc warrior hits you with a short sword!
You die...

...#..##...........'..#######....
...#..####.........#..##....#....
.#.#.....'.....#####..###'###....
...#######...>.#......#......####
##'#.#####+#...#......'.#..#.#...
#..........+...#......#....#.'...
#...[......#...####'###......#...
#.######+###.....>...........#...
#.##.........#..@oo.#......#.##'#
'..#.##.........##).#......#.....
#..#.##..##.###.....#.#'#......#.
####........#.#..o....#.#......#.
......###...#.#.##.####.#........
....#.'.#...#.#....'....#........
.#....#.#...#.#....#.####.......)
.#....#.#...#.#.##.#.#####.....##
.#..#.#.#...'.#....#.....#..#..#.


You could see an orc warrior (burning) and an orc.

Vanquished Creatures
  A two-headed ogre (D:6)
  A troll (D:10)
  Sigmund (D:6)
  A spriggan (D:8)
  2 vampire mosquitoes (D:9)
  An acid dragon (D:10)
  A water moccasin (D:9)
  2 necrophages
  2 ice beasts
  A black bear (D:7)
  5 orc warriors
  2 phantoms
  2 sky beasts
  3 ogres (D:6)
  2 centaurs
  2 big kobolds
  3 bullfrogs
  A wyvern zombie (D:7)
  Blork the orc (D:5)
  A gnoll sergeant (D:7)
  12 scorpions
  8 killer bees
  A howler monkey (D:7)
  2 crimson imps (D:9)
  A centaur zombie (Ossuary)
  A quasit (D:10)
  2 bullfrog zombies
  2 jellies
  Crazy Yiuf (D:3)
  9 hounds
  2 bullfrog skeletons
  7 orc priests
  A centaur skeleton (D:9)
  2 human zombies (Ossuary)
  14 orc wizards
  An iguana (D:9)
  Ijyb (D:3)
  Natasha (thrice) (D:3)
  8 worker ants
  A big kobold zombie (Ossuary)
  2 mummies (Ossuary)
  A hound skeleton (D:8)
  3 worker ant zombies
  Robin (D:3)
  3 howler monkey skeletons
  7 adders
  9 gnolls
  6 scorpion zombies (Ossuary)
  3 shadow imps
  An adder zombie (D:5)
  4 worms
  3 dart slugs
  A leopard gecko (D:2)
  35 orcs
  7 bats
  7 giant cockroaches
  3 gnoll zombies (Ossuary)
  20 goblins
  11 hobgoblins
  16 jackals
  2 quokkas
  2 ball pythons
  7 frilled lizards
  2 hobgoblin zombies (Ossuary)
  24 kobolds
  2 kobold zombies (Ossuary)
  3 orc zombies (Ossuary)
  A quokka skeleton (D:4)
  3 quokka zombies
  20 rats
  A rat zombie (D:8)
324 creatures vanquished.

Vanquished Creatures (others)
  Grinder (D:3)
  A centaur zombie (Ossuary)
  A mummy (Ossuary)
3 creatures vanquished.

Grand Total: 327 creatures vanquished

Notes
Turn   | Place    | Note
-------+----------+-------------------------------------------
     0 | D:1      | skittles the Draconian Fire Elementalist began the quest for the Orb.
     0 | D:1      | Reached XP level 1. HP: 14/14 MP: 3/3
   270 | D:1      | Reached XP level 2. HP: 9/20 MP: 1/5
  1042 | D:1      | Reached XP level 3. HP: 24/27 MP: 6/6
  1727 | D:2      | Reached skill level 1 in Unarmed Combat
  2118 | D:2      | Reached skill level 1 in Fighting
  2231 | D:1      | Reached XP level 4. HP: 22/35 MP: 7/7
  2614 | D:2      | Found an iron altar of Okawaru.
  2919 | D:2      | Learned a level 3 spell: Conjure Flame
  3052 | D:2      | Reached skill level 1 in Polearms
  3197 | D:3      | Noticed Ijyb
  3238 | D:3      | Killed Ijyb
  3238 | D:3      | Reached XP level 5. HP: 13/40 MP: 1/8
  3462 | D:3      | Found a blossoming altar of Fedhas.
  3571 | D:3      | Noticed Grinder
  3589 | D:3      | Killed Grinder
  3946 | D:3      | Learned a level 4 spell: Sticky Flame
  3949 | D:3      | Noticed Robin
  3998 | D:3      | Killed Robin
  4413 | D:3      | Noticed Natasha
  4420 | D:3      | Killed Natasha
  4422 | D:3      | Reached skill level 5 in Fire Magic
  4448 | D:3      | Reached XP level 6. HP: 4/48 MP: 1/9
  4788 | D:3      | Found a runed door.
  4806 | D:3      | Noticed Natasha
  4812 | D:3      | Killed Natasha
  5134 | D:3      | Noticed Natasha
  5141 | D:3      | Killed Natasha
  5187 | D:3      | Reached skill level 1 in Short Blades
  5230 | D:3      | Noticed Crazy Yiuf
  5247 | D:3      | Killed Crazy Yiuf
  5371 | D:4      | Found a shattered altar of Ashenzari.
  5390 | D:4      | Your scales start taking on a lurid green colour.
  5390 | D:4      | Reached XP level 7. HP: 44/56 MP: 8/10
  5390 | D:4      | Gained mutation: Your system is resistant to poisons. (rPois) [Green Draconian growth]
  5565 | D:4      | Found a sacrificial altar of Ru.
  5638 | D:4      | Found an opulent altar of Gozag.
  5638 | D:4      | Found a basalt altar of Yredelemnul.
  5884 | D:4      | Found Uckir's Antique Weapon Shop.
  5948 | D:5      | Entered Level 5 of the Dungeon
  6455 | D:5      | Noticed Blork the orc
  6467 | D:5      | Killed Blork the orc
  6942 | D:5      | Reached XP level 8. HP: 25/63 MP: 0/11
  7723 | D:6      | Noticed a two-headed ogre
  7752 | D:6      | Killed a two-headed ogre
  8251 | D:6      | Reached XP level 9. HP: 69/69 MP: 6/12
  8458 | D:6      | Noticed Sigmund
  8468 | D:6      | Killed Sigmund
  8894 | D:7      | Found a blossoming altar of Fedhas.
  9162 | D:7      | Found Milyhi Dohi's Assorted Antiques.
  9167 | D:7      | Bought a small emerald ring for 120 gold pieces
  9167 | D:7      | Bought a scroll labeled YNWUSCHIURE for 24 gold pieces
  9167 | D:7      | Bought a scroll labeled COCEGGILOI for 24 gold pieces
  9180 | D:7      | Found a staircase to the Ecumenical Temple.
  9192 | Temple   | Entered the Ecumenical Temple
  9209 | Temple   | Became a worshipper of Vehumet
 10165 | D:8      | Found a sand-covered staircase.
 10211 | D:8      | Reached * piety under Vehumet
 10211 | D:8      | Offered knowledge of Sting by Vehumet.
 10214 | Ossuary  | Entered an ossuary
 10434 | Ossuary  | Reached XP level 10. HP: 65/77 MP: 13/13
 10744 | Ossuary  | Reached ** piety under Vehumet
 10744 | Ossuary  | Offered knowledge of Freeze by Vehumet.
 10758 | Ossuary  | Reached skill level 10 in Fire Magic
 11244 | D:8      | Learned a level 5 spell: Fireball
 11365 | D:8      | Found a hide-covered altar of Uskayaw.
 12012 | D:9      | Found Vagu's Book Shoppe.
 12037 | D:9      | Offered knowledge of Stone Arrow by Vehumet.
 12749 | D:9      | Reached *** piety under Vehumet
 13025 | D:10     | Entered Level 10 of the Dungeon
 13433 | D:10     | Offered knowledge of Olgreb's Toxic Radiance by Vehumet.
 13580 | D:10     | Found a staircase to the Orcish Mines.
 13872 | D:10     | Reached skill level 10 in Conjurations
 14026 | D:9      | Slain by an orc warrior

Skill      XL: |  1  2  3  4  5  6  7  8  9 10 |
---------------+-------------------------------+-----
Fire Magic     | 4 5 6 7 9 10 | 10.9
Unarmed Combat | 1 |  1.1
Fighting       | 1 2 3 |  3.1
Polearms       | 1 2 3 |  3.4
Conjurations   | 2 3 6 8 10 | 10.0
Short Blades   | 1 4 |  4.3
Spellcasting   | 4 |  4.4
Dodging        | |  1.7
Stealth        | |  1.7

Action                   |  1- 3 |  4- 6 |  7- 9 | 10-12 || total
-------------------------+-------+-------+-------+-------++-------
Melee: Unarmed           |    30 |       |       |       ||    30
       Tailslap          |    11 |    16 |    27 |    30 ||    84
       Short sword       |   114 |    38 |   297 |    64 ||   513
       Spear             |    42 |   159 |       |       ||   201
       Dagger            |       |    39 |       |       ||    39
       Halberd           |       |       |    18 |       ||    18
       Punch             |       |       |     1 |       ||     1
       Rapier            |       |       |       |   193 ||   193
 Cast: Flame Tongue      |    53 |    76 |    72 |    42 ||   243
       Conjure Flame     |       |     3 |     2 |       ||     5
       Sticky Flame      |       |       |    13 |    16 ||    29
 Abil: Breathe Noxious F |       |       |     1 |     2 ||     3
  Use: Scroll            |     4 |     4 |     5 |     5 ||    18
       Potion            |       |       |       |     1 ||     1
 Stab: Sleeping          |     1 |     6 |     7 |     1 ||    15
  Eat: Chunk             |     3 |    12 |    15 |    10 ||    40
       Fruit             |     3 |       |       |       ||     3
       Royal jelly       |       |       |     2 |     3 ||     5
Armor: Skin              |    85 |    61 |   134 |    90 ||   370
Dodge: Dodged            |   173 |   131 |   222 |   248 ||   774
